 Dungeon Crawl Stone Soup version 0.29.1-15-g9cfb28693d (webtiles) character file.

Game seed: 5917362554695722630

255 leafyfresh the Covert (level 6, -2/44 HPs)
             Began as an Octopode Delver on Mar 4, 2023.
             Slain by an orc
             ... wielding a +0 trident
              (6 damage)
             ... on level 4 of the Dungeon.
             The game lasted 00:00:49 (310 turns).

leafyfresh the Covert (Octopode Delver)              Turns: 310, Time: 00:00:49

Health: -2/44      AC:  1    Str: 12    XL:     6   Next: 15%
Magic:  6/6        EV: 14    Int: 12    God:
Gold:   20         SH:  0    Dex: 15    Spells: 5/5 levels left

rFire   . . .      SeeInvis .   a - +0 short sword
rCold   . . .      Faith    .   (no shield)
rNeg    . . .      Spirit   .   (helmet restricted)
rPois   .          Reflect  .   (no amulet)
rElec   .          Harm     .   (no ring)
rCorr   .          Rampage  .   (no ring)
Will    .....                   (no ring)
Stlth   +++++.....              (no ring)
HPRegen 0.14/turn               (no ring)
MPRegen 0.10/turn               (no ring)
                                (no ring)
                                (no ring)

@: lethally poisoned (-2 -> -4)
A: almost no armour, amphibious, 8 rings, camouflage 1, gelatinous body 1,
(nimble swimmer 1), tentacles
a: no special abilities


You were on level 4 of the Dungeon.
You visited 1 branch of the dungeon, and saw 2 of its levels.

You collected 20 gold pieces.

Inventory:

Hand Weapons
 a - a +0 short sword (weapon)
Wands
 f - a wand of digging (3)
Scrolls
 b - a scroll of fog
 c - a scroll of magic mapping
 d - a scroll of fear
 h - a scroll of amnesia {unknown}
 i - a scroll of silence {unknown}
Potions
 e - a potion of haste
 g - a potion of curing {unknown}


   Skills:
 + Level 4.5 Fighting
 - Level 2.0 Short Blades
 + Level 3.9 Dodging
 + Level 8.3 Stealth


You had 5 spell levels left.
You didn't know any spells.
Your spell library was empty.

Dungeon Overview and Level Annotations

Branches:
Dungeon (5/15)
 Temple: D:4-7

Altars:


Innate Abilities, Weirdness & Mutations

You cannot wear most types of armour.
You are amphibious.
You can wear up to eight rings at the same time.
Your skin changes colour to match your surroundings (Stealth+).
Your rubbery body absorbs attacks. (AC +1, EV +1)
((You are camouflaged when in or above water. (Stealth+)))
You have tentacles for arms and can constrict up to eight enemies at once.


Message History

You barely miss the phantom.
The phantom is heavily damaged.
The orc hits you from afar with a +0 trident.
* * * LOW HITPOINT WARNING * * *
The phantom hits you.
* * * LOW HITPOINT WARNING * * *
The phantom blinks!
You blink.
Found a dagger.
You hit the phantom.
The phantom is heavily damaged.
The phantom hits you.
* * * LOW HITPOINT WARNING * * *
You hit the phantom but do no damage. You squeeze the phantom!
The phantom is almost destroyed.
The phantom barely misses you.
You barely miss the phantom.
The phantom is almost destroyed.
The orc barely misses you. The phantom misses you.
You hit the phantom.
You destroy the phantom!
The orc closely misses you.
You have reached level 6!
The orc closely misses you. The orc misses you. The adder bites you.
* * * LOW HITPOINT WARNING * * *
You are poisoned.
The adder poisons you!
Unknown command.
You hit the adder. You grab the adder. You squeeze the adder!
The adder is almost dead.
You constrict the adder.
You kill the adder!
* * * LOW HITPOINT WARNING * * *
You feel sick. The orc barely misses you.
Unknown command.
You feel sick. The orc misses you.
You see here an adder corpse.
You barely miss the orc. You grab the orc.
You constrict the orc, but do no damage.
You feel sick. The orc hits you with a +0 trident.
You die...

######.
..#...
#.#.#.####
#.#.#)...#
#.#.#....#
#.#.#....#
#.#w...#
#..o@..#
#.#.#..#
#.#.####
#S#.# #.#.
#w## #..
#.. #...


You could see a dart slug and an orc.

Vanquished Creatures
  An ogre (D:5)
  A phantom (D:4)
  A scorpion (D:5)
  A jelly (D:5)
  An adder (D:4)
  A dart slug (D:5)
  An orc (D:5)
  3 jackals (D:5)
10 creatures vanquished.

Notes
Turn   | Place    | Note
-------+----------+-------------------------------------------
     0 | D:5      | leafyfresh the Octopode Delver began the quest for the Orb.
     0 | D:5      | Reached XP level 1. HP: 16/16 MP: 1/1
    17 | D:5      | Noticed a scorpion
    20 | D:5      | Noticed an ogre
    22 | D:5      | Killed a scorpion
    23 | D:5      | Reached skill level 7 in Stealth
    23 | D:5      | Reached XP level 2. HP: 22/22 MP: 2/2
    23 | D:5      | Reached XP level 3. HP: 27/27 MP: 3/3
    23 | D:5      | Reached XP level 4. HP: 33/33 MP: 4/4
    28 | D:5      | Killed an ogre
    29 | D:5      | Reached XP level 5. HP: 37/37 MP: 5/5
   277 | D:5      | Noticed an ogre
   281 | D:5      | Noticed a phantom
   284 | D:5      | Reached skill level 8 in Stealth
   303 | D:4      | Killed a phantom
   304 | D:4      | Reached XP level 6. HP: 8/44 MP: 6/6
   310 | D:4      | Slain by an orc

Illustrated notes

Levels and vault maps discovered:
D:4:      layout_basic, cheibrodos_sewer_entry_sluice, serial_co_window_serial,
          co_window_paths_a, co_window_paths_a, co_window_paths_b,
          co_window_corner_a, co_window_paths_a, co_window_of_opportunity_a,
          co_window_paths_a, co_window_2corner, co_window_broadway_b,
          co_window_of_opportunity_b, co_window_paths_c, co_window_paths_d,
          co_window_paths_e, glass_columns_b, glass_columns_a
D:5:      layout_rooms, ashenzari_conservatory_becter, st_stairs_10

Skill      XL: |  1  2  3  4  5 |
---------------+----------------+-----
Stealth        | 7 8 |  8.3
Fighting       | 4 |  4.5
Dodging        | 3 |  3.9
Short Blades   | |  2.0

Action                   |  1- 3 |  4- 6 || total
-------------------------+-------+-------++-------
Melee: Short sword       |     2 |    26 ||    28
       Tentacles         |       |     6 ||     6
       Constrict         |       |     2 ||     2
 Stab: Sleeping          |     2 |     5 ||     7
Armor: Skin              |       |     1 ||     1
Dodge: Dodged            |       |    27 ||    27
